 Dungeon Crawl Stone Soup version 0.20-a0-351-gc9b4002 (webtiles) character file.

139 snakesoul the Shooter (level 5, -6/46 HPs)
             Began as a Minotaur Hunter on Dec 25, 2016.
             Mangled by an ogre
             ... wielding a +0 giant club
              (20 damage)
             ... on level 4 of the Dungeon.
             The game lasted 00:05:32 (2184 turns).

snakesoul the Shooter (Minotaur Hunter)             Turns: 2184, Time: 00:05:33

Health: -6/46      AC:  8    Str: 16    XL:     5   Next: 1%
Magic:  4/4        EV:  7    Int:  8    God:
Gold:   276        SH:  0    Dex: 12    Spells: 4/4 levels left

rFire  . . .     SeeInvis .     y - +5 short sword (venom)
rCold  . . .     Gourm    .     o - +0 chain mail (curse)
rNeg   . . .     Faith    .     (no shield)
rPois  .         Spirit   .     (helmet restricted)
rElec  .         Reflect  .     (no cloak)
rCorr  .         Harm     .     (no gloves)
MR     .....                    (no boots)
Stlth  ..........               (no amulet)
                                (no ring)
                                (no ring)

@: no status effects
A: retaliatory headbutt, horns 2
a: no special abilities


You were on level 4 of the Dungeon.
You were not hungry.

You visited 1 branch of the dungeon, and saw 4 of its levels.

You collected 276 gold pieces.

Inventory:

Hand Weapons
 a - a +0 short sword
 b - a +1 shortbow
 y - a +5 short sword of venom (weapon)
Missiles
 d - 51 arrows
Armour
 l - a +0 chain mail
 o - a cursed +0 chain mail (worn)
Jewellery
 t - an uncursed ring of magical power {unknown}
Wands
 u - a wand of flame (34/48)
Scrolls
 h - 7 scrolls of identify {unknown}
 j - a scroll of amnesia {unknown}
 k - 3 scrolls of teleportation {unknown}
 m - 7 scrolls of remove curse {unknown}
 n - a scroll of fog {unknown}
 r - 2 scrolls of magic mapping {unknown}
 w - a scroll of recharging {unknown}
Potions
 e - 2 potions of curing {unknown}
 g - 2 potions of haste {unknown}
 i - a potion of magic {unknown}
 q - a potion of flight {unknown}
 v - a potion of lignification {unknown}
 x - a potion of ambrosia {unknown}
Comestibles
 c - a beef jerky
 f - 2 bread rations
 p - 2 meat rations
 s - a chunk of flesh
 z - 2 slices of pizza


   Skills:
 + Level 3.9 Fighting
 * Level 6.3 Bows
 - Level 2.1 Dodging
 - Level 0.7 Stealth


You had 4 spell levels left.
You didn't know any spells.

Dungeon Overview and Level Annotations

Branches:
Dungeon (4/15)
 Temple: D:4-7

Altars:
Elyvilon
Hepliaklqana
Kikubaaqudgha
Uskayaw


Innate Abilities, Weirdness & Mutations

You reflexively headbutt those who attack you in melee.
You have a pair of horns on your head.


Message History

m - 7 scrolls labeled HARCHI XEWABO (gained 1)
An ogre comes into view. It is wielding a giant club.
The ogre shouts!
An ogre is nearby!
You hear the slow rusting of a very distant drain.
Found an encrusted glass wand.
The ogre hits you with a giant club!!
Ouch! That really hurt!
You are too injured to fight recklessly!
You are too injured to fight recklessly!
You are too injured to fight recklessly!
You are too injured to fight recklessly!
You are too injured to fight recklessly!
You hit the ogre.
The ogre is poisoned.
The ogre is moderately wounded.
The ogre hits you with a giant club!
You hit the ogre.
The ogre looks as sick as possible!
The ogre is heavily wounded.
The ogre hits you with a giant club!!
You die...

#.######.####.#####
#...........)......
#........†.........
#...............###
##.#####...........
#.# #........###
#.####.#####........#
#....$..............#
######@############.#
#O# .# #.# #.# ..# P
..# /.# #.##


PP≈ P≈≈≈♣ You could see an ogre.

Vanquished Creatures
  A centaur skeleton (D:4)
  2 adders
  A worm (D:2)
  4 dart slugs
  4 leopard geckos
  7 orcs
  8 bats
  A giant cockroach (D:1)
  4 goblins
  7 hobgoblins
  10 jackals
  A quokka (D:2)
  6 frilled lizards
  6 kobolds
  A leopard gecko skeleton (D:4)
  5 rats
  2 fungi (D:1)
70 creatures vanquished.

Vanquished Creatures (others)
  A giant cockroach (D:3)
1 creature vanquished.

Grand Total: 71 creatures vanquished

Notes
Turn   | Place    | Note
-------+----------+-------------------------------------------
     0 | D:1      | snakesoul the Minotaur Hunter began the quest for the Orb.
     0 | D:1      | Reached XP level 1. HP: 18/18 MP: 0/0
   167 | D:1      | Reached XP level 2. HP: 23/25 MP: 1/1
   529 | D:1      | Reached skill level 5 in Bows
   807 | D:2      | Reached XP level 3. HP: 29/31 MP: 2/2
  1321 | D:3      | Found an ancient bone altar of Kikubaaqudgha.
  1524 | D:3      | Reached XP level 4. HP: 30/38 MP: 3/3
  1767 | D:3      | Found a hide-covered altar of Uskayaw.
  1775 | D:3      | Found a hazy altar of Hepliaklqana.
  1845 | D:3      | Found a white marble altar of Elyvilon.
  2042 | D:3      | Reached skill level 6 in Bows
  2145 | D:4      | Reached XP level 5. HP: 46/46 MP: 4/4
  2179 | D:4      | Noticed an ogre
  2184 | D:4      | Mangled by an ogre

Vault maps used:
D:1:      tarquinn_simple_flora_water_e, st_stairs_8, hangedman_decor_points,
          minmay_gold_behind_fungi
D:3:      overflow_temple_1_default, elyvilon_altar_4,
          grunt_temple_overflow_open, first_bread
D:4:      nicolae_qazlal_general_emergency, nicolae_overflow_crystal_walls,
          portal_sewer_entry_b, serial_bayou_lagoon_a, grunt_ministairs_15

Skill      XL: |  1  2  3  4 |
---------------+-------------+-----
Bows           | 5 6 |  6.3
Fighting       | 3 |  3.9
Dodging        | |  2.1
Stealth        | |  0.7

Action                   |  1- 3 |  4- 6 || total
-------------------------+-------+-------++-------
Melee: Shortbow          |    57 |       ||    57
       Headbutt          |    24 |     5 ||    29
       Short sword       |    11 |    30 ||    41
 Fire: Shortbow          |   142 |    16 ||   158
  Eat: Chunk             |     1 |     3 ||     4
Armor: Chain mail        |    39 |    17 ||    56
       Leather armour    |     4 |       ||     4
Dodge: Dodged            |    27 |    16 ||    43
